 Dungeon Crawl Stone Soup version 0.22.0-49-gab54619 (webtiles) character file.

67 Folque the Ogre Mage (level 4, 0/42 HPs)
             Began as an Ogre Arcane Marksman on Sept 6, 2018.
             Slain by an adder (1 damage)
             ... on level 2 of the Dungeon.
             The game lasted 00:06:58 (1564 turns).

Folque the Ogre Mage (Ogre Arcane Marksman)         Turns: 1564, Time: 00:06:58

Health: 0/42       AC:  3    Str: 12 (14) XL:     4   Next: 16%
Magic:  1/9        EV: 10    Int: 11 (14) God:
Gold:   44         SH:  0    Dex:  7 (10) Spells: 3/9 levels left

rFire    . . .     SeeInvis .   h - +0 short sword
rCold    . . .     Gourm    .   (no shield)
rNeg     . . .     Faith    .   a - +0 robe
rPois    .         Spirit   .   (helmet restricted)
rElec    .         Reflect  .   (no cloak)
rCorr    .         Harm     .   (gloves unavailable)
MR       .....                  (boots unavailable)
Stlth    +.........             (no amulet)
HPRegen  0.14/turn              (no ring)
MPRegen  0.11/turn              (no ring)

@: lethally poisoned (0 -> -3), hasted, very quick
A: large, unfitting armour, tough skin 1
a: no special abilities


You were on level 2 of the Dungeon.
You were not hungry.

You visited 1 branch of the dungeon, and saw 2 of its levels.

You collected 44 gold pieces.

Inventory:

Hand Weapons
 e - a cursed -2 mace
 h - a +0 short sword (weapon)
Missiles
 c - 2 large rocks (quivered)
 d - 4 throwing nets
Armour
 a - a +0 robe (worn)
Jewellery
 j - a +1 ring of evasion {unknown}
Scrolls
 b - 4 scrolls of identify {unknown}
 i - a scroll of amnesia {unknown}
 m - a scroll of immolation {unknown}
 o - 2 scrolls of remove curse {unknown}
Potions
 g - a potion of lignification {unknown}
 k - a potion of degeneration
 n - a potion of berserk rage {unknown}
Comestibles
 f - 2 rations
 p - 6 chunks of flesh


   Skills:
 - Level 2.0 Fighting
 - Level 2.0 Throwing
 - Level 1.7 Dodging
 * Level 3.3 Spellcasting
 - Level 3.1 Hexes
 + Level 0.8 Translocations


You had 3 spell levels left.
You knew the following spells:

 Your Spells              Type           Power        Failure   Level  Hunger
a - Corona                Hex            #......      7%          1    #......
d - Portal Projectile     Hex/Tloc       #.....       34%         3    ###....
s - Slow                  Hex            #.......     11%         2    ###....

Your spell library contained the following spells:

 Spells                   Type           Power        Failure   Level  Hunger
 Inner Flame              Hex/Fire       #.......     38%         3    ###....
 Cause Fear               Hex            #.........   56%         4    #####..
 Leda's Liquefaction      Hex/Erth       #.........   80%         4    #####..


Dungeon Overview and Level Annotations

Branches:
Dungeon (2/15)

Altars:


Innate Abilities, Weirdness & Mutations

You are too large for most types of armour.
You have tough skin. (AC +1)


Message History

The adder struggles to resist.
The adder bites you.
You hit the adder.
The adder is heavily wounded.
The adder bites you.
* * * LOW HITPOINT WARNING * * *
You are poisoned.
The adder poisons you!
You hit the adder.
The adder is heavily wounded.
You feel sick. The adder bites you.
* * * LOW HITPOINT WARNING * * *
The adder bites you.
* * * LOW HITPOINT WARNING * * *
It was a potion of degeneration.
There was something very wrong with that liquid.
You feel weakened.
You feel dopey.
You feel clumsy.
* * * LOW HITPOINT WARNING * * *
You feel sick. The adder bites you but does no damage.
It was a potion of haste.
You feel yourself speed up. The adder bites you.
You die...

#.......#
#..#.......#
#........
..#.#####.#
#.#.#...#.#
#.#.#†..#.#
#.#.##..#.#
#.#...(.#.######..
#.#####.#.........
#.####..(.######..
#..@Sg....#
######....# #.).(#
######S...#
#.........#
#........##
##..S..>..#
#.........#
#.........#


You could see a gnoll and an adder.

Vanquished Creatures
  3 gnolls
  2 dart slugs
  7 bats
  2 giant cockroaches
  5 goblins
  2 hobgoblins
  2 quokkas (D:2)
  A ball python (D:1)
  5 kobolds
  4 rats
33 creatures vanquished.

Notes
Turn   | Place    | Note
-------+----------+-------------------------------------------
     0 | D:1      | Folque the Ogre Arcane Marksman began the quest for the
                  | Orb.
     0 | D:1      | Reached XP level 1. HP: 19/19 MP: 2/2
   355 | D:1      | Reached XP level 2. HP: 28/28 MP: 2/4
   359 | D:1      | Learned a level 2 spell: Slow
   506 | D:1      | Reached XP level 3. HP: 11/35 MP: 1/6
   727 | D:1      | Learned a level 3 spell: Portal Projectile
  1539 | D:2      | Reached XP level 4. HP: 14/42 MP: 2/9
  1562 | D:2      | HP: 2/42 [adder (4)]
  1564 | D:2      | Slain by an adder

Skill      XL: |  1  2  3 |
---------------+----------+-----
Fighting       | 2 |  2.0
Spellcasting   | 2 3 |  3.3
Hexes          | 3 |  3.1
Throwing       | |  2.0
Dodging        | |  1.7
Translocations | |  0.8

Action                   |  1- 3 |  4- 6 || total
-------------------------+-------+-------++-------
Melee: Unarmed           |     8 |       ||     8
       Club              |     7 |       ||     7
       Short sword       |    85 |     4 ||    89
Throw: Large rock        |     4 |       ||     4
 Cast: Corona            |    24 |     2 ||    26
       Slow              |     1 |     1 ||     2
       Portal Projectile |     1 |       ||     1
  Use: Potion            |       |     2 ||     2
 Stab: Sleeping          |     2 |       ||     2
  Eat: Chunk             |     3 |       ||     3
Armor: Robe              |    39 |     1 ||    40
Dodge: Dodged            |    55 |     3 ||    58
